Little Stars vs Saguenéens (R1)

Created - 11 février 2015 at 23:33

Goals
1 2 3 T
Little Stars 0 1 0 1
Saguenéens 0 2 1 3
Shots
1 2 3 T
Little Stars 3 12 9 24
Saguenéens 8 15 8 31

1st period

No Goal

Penalties :
Mathieu Roy (Tex) for Elbowing (Minor) at 7:44, David Moss (Chi) for Slashing (Minor) at 14:56

2nd period

1. Saguenéens , Martin Hanzal 20 (Evgeny Dadonov, David Laliberté) at 2:46
2. Little Stars , Chris Dingman 34 (Ryan Vesce) at 3:48
3. Saguenéens , Martin Hanzal 21 (David Moss) at 15:59 (SH)

Penalties :
Joffrey Lupul (Chi) for Holding (Minor) at 4:32, Brandon Burlon (Chi) for Roughing (Double Minor) at 12:43, Jesse Joensuu (Tex) for Hooking (Minor) at 18:31

3rd period

4. Saguenéens , Lubos Bartecko 8 (Martin Hanzal, Evgeny Dadonov) at 5:43

Penalties :
Joffrey Lupul (Chi) for Hooking (Minor) at 2:37, Martin Hanzal (Chi) for Tripping (Minor) at 12:19, Kyle Brodziak (Chi) for Interference (Minor) at 16:57

Goalie Stats

Erik Ersberg (Tex), 28 saves from 31 shots - (0,903), L, 27-13-7, 60:00 minutes
Al Montoya (Chi), 23 saves from 24 shots - (0,958), W, 26-14-6, 60:00 minutes

Players Stats for Little Stars

Player Name              G  A  P  +/- PIM S  H  SB GA TA FO     MP     PP MP  PK MP  
------------------------------------------------------------------------------------
Alexander Vasyunov       0  0  0   0  0   0  0  0  0  1  0/0     7:18   0:13   0:33 
Cameron Schilling        0  0  0   1  0   1  0  0  0  0  0/0    15:02   3:59   1:34 
Carl Hagelin             0  0  0   0  0   1  2  0  0  0  0/0    12:11   0:20   0:00 
Chris Dingman            1  0  1  -1  0   3  1  1  2  1  5/8    24:53   6:59   2:08 
Clay Wilson              0  0  0   1  0   3  2  1  0  0  0/0    22:35   5:50   1:43 
Cody Bass                0  0  0  -1  0   3  0  0  0  0  4/13   20:05   6:35   0:00 
Corey Trivino            0  0  0   0  0   0  2  0  0  0  5/7    11:50   0:00   1:03 
Cory Murphy              0  0  0  -2  0   0  2  0  0  0  0/0    28:28   8:13   2:22 
Danny DeKeiser           0  0  0  -1  0   0  1  1  0  0  0/0    10:31   0:00   0:57 
Hugh Jessiman            0  0  0  -1  0   5  4  0  0  1  0/0    21:16   6:45   0:54 
Jared Spurgeon           0  0  0  -1  0   0  2  1  0  0  0/0    15:59   1:34   0:02 
Jesse Joensuu            0  0  0  -1  2   2  0  0  0  0  3/3    20:15   6:35   0:00 
Landon Ferraro           0  0  0   0  0   0  2  0  0  0  0/1     5:17   0:00   0:00 
Marcus Kruger            0  0  0  -1  0   1  0  1  0  1  13/32  19:29   7:06   0:00 
Mathieu Roy              0  0  0  -2  2   1  0  2  1  2  0/0    27:25   8:12   1:18 
Matt Halischuk           0  0  0   0  0   1  2  1  0  0  0/0    11:28   0:03   0:54 
Robert Czarnik           0  0  0   0  0   0  0  0  0  0  0/0     0:00   0:00   0:00 
Ryan Vesce               0  1  1  -1  0   3  2  1  1  0  1/1    21:58   7:06   2:24 

Players Stats for Saguenéens

Player Name              G  A  P  +/- PIM S  H  SB GA TA FO     MP     PP MP  PK MP  
------------------------------------------------------------------------------------
Brandon Burlon           0  0  0   1  4   0  3  1  0  0  0/0    17:12   0:00   3:46 
Brian Flynn              0  0  0   0  0   0  1  0  0  1  2/2     6:36   0:00   0:00 
David Laliberté          0  1  1   0  0   2  2  1  0  0  2/3     9:41   0:00   3:44 
David Moss               0  1  1   0  2   3  1  1  0  0  0/1    19:09   1:44   5:50 
David Rundblad           0  0  0   0  0   0  0  0  0  0  0/0    12:18   1:36   0:00 
Derek Morris             0  0  0   0  0   4  3  1  0  1  0/0    27:44   2:22   8:28 
Eric Tangradi            0  0  0   0  0   3  1  0  0  0  0/0     7:45   0:00   1:46 
Evgeny Dadonov           0  2  2   2  0   1  5  0  1  0  0/0    16:48   2:14   0:00 
Joffrey Lupul            0  0  0  -1  4   0  1  0  0  0  1/1    14:32   0:00   2:34 
Kevin Marshall           0  0  0   0  0   1  0  2  0  0  0/0    27:42   2:22   8:26 
Kris Russell             0  0  0   2  0   0  0  2  1  0  0/0    21:36   1:36   5:28 
Kyle Brodziak            0  0  0  -1  2   5  1  0  1  1  5/9    16:14   1:44   2:23 
Lubos Bartecko           1  0  1   2  0   4  0  0  1  0  2/4    20:18   2:14   3:16 
Luke Witkowski           0  0  0   1  0   0  1  1  0  0  0/0    13:27   0:00   1:40 
Marcus Johansson         0  0  0   0  0   1  1  0  0  0  3/7    13:25   1:44   1:50 
Martin Hanzal            2  1  3   3  2   2  0  2  1  1  19/37  23:25   2:14   6:25 
Rhett Rakhshani          0  0  0   0  0   1  0  1  0  0  0/0     9:04   0:00   0:00 
Tim Kennedy              0  0  0   0  0   4  1  0  1  0  0/1     9:04   0:00   0:00 

3 Stars

1 - Martin Hanzal (Chi)
2 - Evgeny Dadonov (Chi)
3 - Al Montoya (Chi)

Power Play

Little Stars - 0 on 7 Attempt(s) - 0,00%
Saguenéens - 0 on 2 Attempt(s) - 0,00%

Penalty Kill

Little Stars - 2 on 2 Attempt(s) - 100,00% - Score 0 goal in Penalty Kill
Saguenéens - 7 on 7 Attempt(s) - 100,00% - Score 1 goal in Penalty Kill

Team Stat

Little Stars - Hits : 22 - Faceoff Wins : 31 - Blocked Shots : 9 - Penalty Minutes : 4
Saguenéens - Hits : 21 - Faceoff Wins : 34 - Blocked Shots : 12 - Penalty Minutes : 14

Official

Referees : LaRue Dennis and Leggo Mike
Linesman : Brad Lazarowich and Brian Mach

Game Notes

Cameron Schilling is injured at 4:01 of 3rd period (Broken Bone (Right Foot))
4:33 of 3rd period - Little Stars goal is going for a video replay. After video review, No Goal. The goalkeeper has been pushed into the net together with the puck after making a save.
Danny DeKeiser is injured at 7:56 of 3rd period (Right Ankle)

Finance

Level 1 -- Attendance: 1355 (67,75%) -- Ticket Income 54 200 $
Level 2 -- Attendance: 778 (77,80%) -- Ticket Income 15 560 $
Total Attendance: 2133 (71,10%)
Total Ticket Income: 69 760 $
Other Income: 3 488 $
Total Income: 73 248 $

Little Stars

5 vs 5 Forward 
   Center                   Left Wing                Right Wing               Time % Phy DF OF 
 1 Marcus Kruger            Chris Dingman            Ryan Vesce               40     1   2  2  
 2 Cody Bass                Jesse Joensuu            Hugh Jessiman            30     1   2  2  
 3 Corey Trivino            Carl Hagelin             Matt Halischuk           20     1   2  2  
 4 Landon Ferraro           Alexander Vasyunov       Chris Dingman            10     1   2  2  

5 vs 5 Defense 
   Defense                  Defense                                           Time % Phy DF OF 
 1 Cory Murphy              Mathieu Roy                                       40     1   2  2  
 2 Clay Wilson              Cameron Schilling                                 30     1   2  2  
 3 Jared Spurgeon           Danny DeKeiser                                    20     1   2  2  
 4 Cory Murphy              Mathieu Roy                                       10     1   2  2  

PowerPlay Forward 
   Center                   Left Wing                Right Wing               Time % Phy DF OF 
 1 Marcus Kruger            Chris Dingman            Ryan Vesce               60     1   2  2  
 2 Cody Bass                Jesse Joensuu            Hugh Jessiman            40     1   2  2  

PowerPlay Defense
   Defense                  Defense                                           Time % Phy DF OF 
 1 Cory Murphy              Mathieu Roy                                       60     1   2  2  
 2 Clay Wilson              Cameron Schilling                                 40     1   2  2  

Penalty Kill 4 Players Forward 
   Center                   Wing                     Time % Phy DF OF 
 1 Chris Dingman            Ryan Vesce               60     1   2  2  
 2 Hugh Jessiman            Matt Halischuk           40     1   2  2  

Penalty Kill 4 Players Defense
   Defense                  Defense                  Time % Phy DF OF 
 1 Cory Murphy              Mathieu Roy              60     1   2  2  
 2 Clay Wilson              Cameron Schilling        40     1   2  2  

Penalty Kill - 3 Players Forward 
   Forward                                           Time % Phy DF OF 
 1 Chris Dingman                                     60     1   2  2  
 2 Ryan Vesce                                        40     1   2  2  

Penalty Kill - 3 Players Defense
   Defense                  Defense                  Time % Phy DF OF 
 1 Cory Murphy              Mathieu Roy              60     1   2  2  
 2 Clay Wilson              Cameron Schilling        40     1   2  2  

4 vs 4 Forward 
   Center                   Wing                     Time % Phy DF OF 
 1 Chris Dingman            Ryan Vesce               60     1   2  2  
 2 Hugh Jessiman            Matt Halischuk           40     1   2  2  

4 vs 4 Defense
   Defense                  Defense                  Time % Phy DF OF 
 1 Cory Murphy              Mathieu Roy              60     1   2  2  
 2 Clay Wilson              Cameron Schilling        40     1   2  2  

Last Minutes Offensive
   Center                   Left Wing                Right Wing               Defense                  Defense                  
   Marcus Kruger            Chris Dingman            Ryan Vesce               Cory Murphy              Mathieu Roy              

Last Minutes Defensive
   Center                   Left Wing                Right Wing               Defense                  Defense                  
   Marcus Kruger            Chris Dingman            Ryan Vesce               Cory Murphy              Mathieu Roy              

Goaltenders
Starting : Erik Ersberg             
Backup : Ben Scrivens             

Extra Forwards
Normal : Carl Hagelin, Alexander Vasyunov, Corey Trivino - PP : Carl Hagelin, Alexander Vasyunov - PK : Corey Trivino
Extra Defensemen
Normal : Jared Spurgeon, Danny DeKeiser, Clay Wilson - PP : Jared Spurgeon - PK : Danny DeKeiser, Clay Wilson
Penalty Shots
Chris Dingman, Ryan Vesce, Hugh Jessiman, Matt Halischuk, Marcus Kruger

Saguenéens

5 vs 5 Forward 
   Center                   Left Wing                Right Wing               Time % Phy DF OF 
 1 Martin Hanzal            Evgeny Dadonov           Lubos Bartecko           40     1   2  2  
 2 Kyle Brodziak            Joffrey Lupul            David Moss               30     1   2  2  
 3 Marcus Johansson         Tim Kennedy              Rhett Rakhshani          20     1   2  2  
 4 Brian Flynn              Eric Tangradi            David Laliberté          10     1   2  2  

5 vs 5 Defense 
   Defense                  Defense                                           Time % Phy DF OF 
 1 Derek Morris             Kevin Marshall                                    40     1   2  2  
 2 Kris Russell             Brandon Burlon                                    34     1   2  2  
 3 Luke Witkowski           David Rundblad                                    20     1   2  2  
 4 Derek Morris             Kevin Marshall                                    6      1   2  2  

PowerPlay Forward 
   Center                   Left Wing                Right Wing               Time % Phy DF OF 
 1 Martin Hanzal            Evgeny Dadonov           Lubos Bartecko           60     1   2  2  
 2 Kyle Brodziak            Marcus Johansson         David Moss               40     1   2  2  

PowerPlay Defense
   Defense                  Defense                                           Time % Phy DF OF 
 1 Derek Morris             Kevin Marshall                                    60     1   2  2  
 2 Kris Russell             David Rundblad                                    40     1   2  2  

Penalty Kill 4 Players Forward 
   Center                   Wing                     Time % Phy DF OF 
 1 Martin Hanzal            David Moss               60     1   2  2  
 2 Kyle Brodziak            Lubos Bartecko           40     1   2  2  

Penalty Kill 4 Players Defense
   Defense                  Defense                  Time % Phy DF OF 
 1 Derek Morris             Kevin Marshall           60     1   2  2  
 2 Kris Russell             Brandon Burlon           40     1   2  2  

Penalty Kill - 3 Players Forward 
   Forward                                           Time % Phy DF OF 
 1 David Moss                                        60     1   2  2  
 2 Kyle Brodziak                                     40     1   2  2  

Penalty Kill - 3 Players Defense
   Defense                  Defense                  Time % Phy DF OF 
 1 Derek Morris             Kevin Marshall           60     1   2  2  
 2 Brandon Burlon           Kris Russell             40     1   2  2  

4 vs 4 Forward 
   Center                   Wing                     Time % Phy DF OF 
 1 Martin Hanzal            Lubos Bartecko           60     1   2  2  
 2 Kyle Brodziak            Evgeny Dadonov           40     1   2  2  

4 vs 4 Defense
   Defense                  Defense                  Time % Phy DF OF 
 1 Derek Morris             Kevin Marshall           60     1   2  2  
 2 Kris Russell             Brandon Burlon           40     1   2  2  

Last Minutes Offensive
   Center                   Left Wing                Right Wing               Defense                  Defense                  
   Martin Hanzal            Evgeny Dadonov           Lubos Bartecko           Derek Morris             Kris Russell             

Last Minutes Defensive
   Center                   Left Wing                Right Wing               Defense                  Defense                  
   Martin Hanzal            Evgeny Dadonov           David Moss               Derek Morris             Kris Russell             

Goaltenders
Starting : Al Montoya               
Backup : Harru Sateri             

Extra Forwards
Normal : Brian Flynn, Marcus Johansson, Martin Hanzal - PP : Brian Flynn, Joffrey Lupul - PK : David Laliberté
Extra Defensemen
Normal : David Rundblad, Brandon Burlon, Derek Morris - PP : David Rundblad - PK : Brandon Burlon, Luke Witkowski
Penalty Shots
David Moss, Evgeny Dadonov, Martin Hanzal, Kyle Brodziak, Brian Flynn

% Time on Ice - Little Stars

Lines # - Real PCT - Wanted PCT - Time Play
Normal Forward
1 - 31% - 40% - 13:04
2 - 32% - 30% - 13:30
3 - 25% - 20% - 10:22
4 - 12% - 10% - 5:12
Normal Defense
1 - 37% - 40% - 15:27
2 - 32% - 30% - 13:36
3 - 29% - 20% - 12:02
4 - 2% - 10% - 1:03
PP Forward
1 - 53% - 60% - 7:19
2 - 47% - 40% - 6:35
PP Defense
1 - 57% - 60% - 7:52
2 - 43% - 40% - 6:02
PK Forward
1 - 77% - 60% - 3:04
2 - 23% - 40% - 0:54
PK Defense
1 - 61% - 60% - 2:24
2 - 39% - 40% - 1:34
PK3 Forward
1 - 0% - 60%
2 - 0% - 40%
PK3 Defense
1 - 0% - 60%
2 - 0% - 40%
44 Forward
1 - 0% - 60%
2 - 0% - 40%
44 Defense
1 - 0% - 60%
2 - 0% - 40%
Last Minute Offensive  - 0:00
Last Minute Defensive  - 0:00
Total
Forward - 60:00
Defense - 60:00

% Time on Ice - Saguenéens

Lines # - Real PCT - Wanted PCT - Time Play
Normal Forward
1 - 36% - 40% - 15:06
2 - 29% - 30% - 12:08
3 - 22% - 20% - 9:04
4 - 14% - 10% - 5:50
Normal Defense
1 - 40% - 40% - 16:39
2 - 34% - 34% - 14:32
3 - 25% - 20% - 10:42
4 - 1% - 6% - 0:15
PP Forward
1 - 56% - 60% - 2:14
2 - 44% - 40% - 1:44
PP Defense
1 - 60% - 60% - 2:22
2 - 40% - 40% - 1:36
PK Forward
1 - 76% - 60% - 10:38
2 - 24% - 40% - 3:16
PK Defense
1 - 61% - 60% - 8:26
2 - 39% - 40% - 5:28
PK3 Forward
1 - 0% - 60%
2 - 0% - 40%
PK3 Defense
1 - 0% - 60%
2 - 0% - 40%
44 Forward
1 - 0% - 60%
2 - 0% - 40%
44 Defense
1 - 0% - 60%
2 - 0% - 40%
Last Minute Offensive  - 0:00
Last Minute Defensive  - 0:00
Total
Forward - 60:00
Defense - 60:00

Play by Play

1st period


0:01 of 1st period - Marcus Kruger wins face-off versus Martin Hanzal in neutral zone.
0:04 of 1st period - Snap shot by Ryan Vesce.
0:04 of 1st period - Shot Misses the Net.
0:07 of 1st period - Icing by Derek Morris.
0:08 of 1st period - Marcus Kruger wins face-off versus Martin Hanzal in Saguenéens zone.
0:53 of 1st period - Slapshot by Derek Morris.
0:53 of 1st period - Deflect By Evgeny Dadonov.
0:53 of 1st period - Shot Misses the Net.
0:53 of 1st period - Puck is out of play.
0:54 of 1st period - Kyle Brodziak wins face-off versus Cody Bass in Little Stars zone.
2:05 of 1st period - Wrist shot by Kyle Brodziak.
2:05 of 1st period - Stopped by Erik Ersberg without a rebound.
2:06 of 1st period - Kyle Brodziak wins face-off versus Cody Bass in Little Stars zone.
2:31 of 1st period - Tim Kennedy is hit by Carl Hagelin and loses puck.
3:51 of 1st period - Martin Hanzal is hit by Cory Murphy and loses puck.
4:06 of 1st period - Snap shot by David Laliberté.
4:06 of 1st period - Shot Misses the Net.
4:08 of 1st period - Slapshot by Kevin Marshall.
4:08 of 1st period - Shot Misses the Net.
4:10 of 1st period - Slapshot by David Laliberté.
4:10 of 1st period - Shot Misses the Net.
5:22 of 1st period - Alexander Vasyunov is hit by Luke Witkowski.
5:52 of 1st period - Snap shot by Lubos Bartecko.
5:52 of 1st period - Stopped by Erik Ersberg with a rebound.
6:17 of 1st period - Kevin Marshall is hit by Jared Spurgeon.
6:21 of 1st period - Derek Morris is hit by Landon Ferraro.
6:31 of 1st period - Danny DeKeiser is hit by David Moss and loses puck.
6:44 of 1st period - Snap shot by David Moss.
6:44 of 1st period - Stopped by Erik Ersberg without a rebound.
6:45 of 1st period - Martin Hanzal wins face-off versus Cody Bass in Little Stars zone.
7:33 of 1st period - Hugh Jessiman is hit by Brian Flynn and loses puck.
7:44 of 1st period - Minor Penalty to Mathieu Roy for Elbowing.
7:45 of 1st period - Chris Dingman wins face-off versus Martin Hanzal in Little Stars zone.
7:55 of 1st period - Wrist shot by Lubos Bartecko.
7:55 of 1st period - Stopped by Erik Ersberg with a rebound.
7:57 of 1st period - Slapshot by Kevin Marshall.
7:57 of 1st period - Deflect By Evgeny Dadonov.
7:57 of 1st period - Shot Blocked by Clay Wilson.
7:57 of 1st period - Puck is out of play.
7:58 of 1st period - Martin Hanzal wins face-off versus Chris Dingman in Little Stars zone.
8:29 of 1st period - Slapshot by Derek Morris.
8:29 of 1st period - Shot Blocked by Danny DeKeiser.
8:31 of 1st period - Slapshot by Kevin Marshall.
8:31 of 1st period - Stopped by Erik Ersberg with a rebound.
8:33 of 1st period - Slapshot by Marcus Johansson.
8:33 of 1st period - Shot Blocked by Matt Halischuk.
9:44 of 1st period - Penalty to Mathieu Roy is over, Mathieu Roy is back on ice.
10:17 of 1st period - Slapshot by Mathieu Roy.
10:17 of 1st period - Stopped by Al Montoya without a rebound.
10:18 of 1st period - Brian Flynn wins face-off versus Landon Ferraro in Saguenéens zone.
11:05 of 1st period - Snap shot by Matt Halischuk.
11:05 of 1st period - Shot Misses the Net.
11:33 of 1st period - Slapshot by David Laliberté.
11:33 of 1st period - Deflect By Mathieu Roy.
11:33 of 1st period - Shot Misses the Net.
11:33 of 1st period - Puck is out of play.
11:34 of 1st period - Brian Flynn wins face-off versus Marcus Kruger in Little Stars zone.
13:44 of 1st period - Snap shot by Eric Tangradi.
13:44 of 1st period - Stopped by Erik Ersberg without a rebound.
13:45 of 1st period - Corey Trivino wins face-off versus David Laliberté in Little Stars zone.
14:01 of 1st period - Snap shot by David Laliberté.
14:01 of 1st period - Shot Misses the Net.
14:17 of 1st period - Icing by Cody Bass.
14:18 of 1st period - Cody Bass wins face-off versus Lubos Bartecko in Little Stars zone.
14:29 of 1st period - Wrist shot by Evgeny Dadonov.
14:29 of 1st period - Stopped by Erik Ersberg without a rebound.
14:30 of 1st period - Martin Hanzal wins face-off versus Marcus Kruger in Little Stars zone.
14:56 of 1st period - Minor Penalty to David Moss for Slashing.
14:57 of 1st period - Marcus Kruger wins face-off versus Martin Hanzal in Saguenéens zone.
15:04 of 1st period - Wrist shot by Ryan Vesce.
15:04 of 1st period - Shot Blocked by David Laliberté.
15:26 of 1st period - Wrist shot by Cody Bass.
15:26 of 1st period - Shot Blocked by Martin Hanzal.
15:28 of 1st period - Slapshot by Cameron Schilling.
15:28 of 1st period - Deflect By Martin Hanzal.
15:28 of 1st period - Stopped by Al Montoya with a rebound.
15:30 of 1st period - Wrist shot by Hugh Jessiman.
15:30 of 1st period - Shot Misses the Net.
16:07 of 1st period - Cory Murphy is hit by Brandon Burlon and loses puck.
16:56 of 1st period - Penalty to David Moss is over, David Moss is back on ice.
17:04 of 1st period - Snap shot by Matt Halischuk.
17:04 of 1st period - Stopped by Al Montoya without a rebound.
17:05 of 1st period - Corey Trivino wins face-off versus Marcus Johansson in Saguenéens zone.
17:28 of 1st period - Joffrey Lupul is hit by Jared Spurgeon and loses puck.
17:57 of 1st period - Marcus Johansson is hit by Clay Wilson and loses puck.
18:10 of 1st period - Wrist shot by Carl Hagelin.
18:10 of 1st period - Shot Misses the Net.
18:22 of 1st period - David Moss is hit by Landon Ferraro.
18:48 of 1st period - Cory Murphy is hit by David Laliberté and loses puck.
19:41 of 1st period - Snap shot by Kyle Brodziak.
19:41 of 1st period - Stopped by Erik Ersberg with a rebound.
19:53 of 1st period - Hugh Jessiman is hit by Evgeny Dadonov and loses puck.
Goals for this period are 0 for Little Stars vs 0 for Saguenéens.
Shots for this period are 3 for Little Stars vs 8 for Saguenéens.

2nd period


0:01 of 2nd period - Martin Hanzal wins face-off versus Marcus Kruger in neutral zone.
1:05 of 2nd period - Snap shot by Tim Kennedy.
1:05 of 2nd period - Stopped by Erik Ersberg with a rebound.
1:07 of 2nd period - Wrist shot by David Laliberté.
1:07 of 2nd period - Shot Misses the Net.
1:09 of 2nd period - Wrist shot by Eric Tangradi.
1:09 of 2nd period - Stopped by Erik Ersberg with a rebound.
1:15 of 2nd period - Snap shot by David Laliberté.
1:15 of 2nd period - Shot Misses the Net.
1:27 of 2nd period - Wrist shot by Hugh Jessiman.
1:27 of 2nd period - Shot Misses the Net.
1:31 of 2nd period - Snap shot by Jesse Joensuu.
1:31 of 2nd period - Deflect By Lubos Bartecko.
1:31 of 2nd period - Shot Blocked by Kris Russell.
1:31 of 2nd period - Puck is out of play.
1:32 of 2nd period - Cody Bass wins face-off versus Martin Hanzal in Saguenéens zone.
1:33 of 2nd period - Snap shot by Hugh Jessiman.
1:33 of 2nd period - Shot Blocked by Derek Morris.
1:35 of 2nd period - Slapshot by Cory Murphy.
1:35 of 2nd period - Shot Misses the Net.
1:37 of 2nd period - Slapshot by Mathieu Roy.
1:37 of 2nd period - Shot Blocked by Kevin Marshall.
1:39 of 2nd period - Wrist shot by Jesse Joensuu.
1:39 of 2nd period - Shot Misses the Net.
1:41 of 2nd period - Snap shot by Jesse Joensuu.
1:41 of 2nd period - Deflect By Martin Hanzal.
1:41 of 2nd period - Stopped by Al Montoya with a rebound.
1:45 of 2nd period - Snap shot by Cody Bass.
1:45 of 2nd period - Shot Misses the Net.
1:47 of 2nd period - Wrist shot by Mathieu Roy.
1:47 of 2nd period - Shot Misses the Net.
1:57 of 2nd period - Corey Trivino is hit by Derek Morris and loses puck.
2:16 of 2nd period - Slapshot by Derek Morris.
2:16 of 2nd period - Deflect By Tim Kennedy.
2:16 of 2nd period - Stopped by Erik Ersberg with a rebound.
2:20 of 2nd period - Snap shot by Marcus Johansson.
2:20 of 2nd period - Shot Blocked by Jared Spurgeon.
2:46 of 2nd period - Snap shot by Martin Hanzal.
2:46 of 2nd period - Goal by Martin Hanzal - Little Stars : 0 - Saguenéens : 1.
2:47 of 2nd period - Jesse Joensuu wins face-off versus Martin Hanzal in neutral zone.
3:00 of 2nd period - Snap shot by Hugh Jessiman.
3:00 of 2nd period - Stopped by Al Montoya with a rebound.
3:26 of 2nd period - Wrist shot by Hugh Jessiman.
3:26 of 2nd period - Stopped by Al Montoya without a rebound.
3:27 of 2nd period - Marcus Kruger wins face-off versus Kyle Brodziak in Saguenéens zone.
3:36 of 2nd period - Slapshot by Derek Morris.
3:36 of 2nd period - Stopped by Erik Ersberg without a rebound.
3:37 of 2nd period - Marcus Kruger wins face-off versus David Moss in Little Stars zone.
3:46 of 2nd period - Snap shot by Ryan Vesce.
3:46 of 2nd period - Shot Misses the Net.
3:48 of 2nd period - Wrist shot by Chris Dingman.
3:48 of 2nd period - Goal by Chris Dingman - Little Stars : 1 - Saguenéens : 1.
3:49 of 2nd period - Martin Hanzal wins face-off versus Marcus Kruger in neutral zone.
3:55 of 2nd period - Off-side.
3:56 of 2nd period - Marcus Kruger wins face-off versus Martin Hanzal in neutral zone.
4:09 of 2nd period - Slapshot by Martin Hanzal.
4:09 of 2nd period - Shot Misses the Net.
4:25 of 2nd period - Wrist shot by Cody Bass.
4:25 of 2nd period - Stopped by Al Montoya without a rebound.
4:26 of 2nd period - Cody Bass wins face-off versus Kyle Brodziak in Saguenéens zone.
4:29 of 2nd period - Wrist shot by Jesse Joensuu.
4:29 of 2nd period - Deflect By Cody Bass.
4:29 of 2nd period - Shot Misses the Net.
4:29 of 2nd period - Puck is out of play.
4:30 of 2nd period - Kyle Brodziak wins face-off versus Marcus Kruger in Saguenéens zone.
4:32 of 2nd period - Minor Penalty to Joffrey Lupul for Holding.
4:33 of 2nd period - Martin Hanzal wins face-off versus Marcus Kruger in Saguenéens zone.
4:45 of 2nd period - Snap shot by Ryan Vesce.
4:45 of 2nd period - Shot Hit the Post.
4:49 of 2nd period - Backhand shot by Chris Dingman.
4:49 of 2nd period - Shot Misses the Net.
5:20 of 2nd period - Snap shot by Lubos Bartecko.
5:20 of 2nd period - Shot Misses the Net.
6:31 of 2nd period - Cameron Schilling is hit by Brandon Burlon and loses puck.
6:32 of 2nd period - Penalty to Joffrey Lupul is over, Joffrey Lupul is back on ice.
6:48 of 2nd period - Slapshot by Rhett Rakhshani.
6:48 of 2nd period - Stopped by Erik Ersberg with a rebound.
7:00 of 2nd period - Slapshot by Eric Tangradi.
7:00 of 2nd period - Shot Hit the Post.
7:35 of 2nd period - David Moss is hit by Hugh Jessiman.
8:18 of 2nd period - Slapshot by Marcus Johansson.
8:18 of 2nd period - Stopped by Erik Ersberg without a rebound.
8:19 of 2nd period - Marcus Johansson wins face-off versus Marcus Kruger in Little Stars zone.
8:50 of 2nd period - Off-side.
8:51 of 2nd period - Corey Trivino wins face-off versus Kyle Brodziak in neutral zone.
9:21 of 2nd period - Marcus Kruger is hit by Kyle Brodziak.
9:27 of 2nd period - Luke Witkowski is hit by Ryan Vesce and loses puck.
9:40 of 2nd period - Mathieu Roy is hit by Evgeny Dadonov and loses puck.
9:47 of 2nd period - Slapshot by Cody Bass.
9:47 of 2nd period - Shot Misses the Net.
9:49 of 2nd period - Snap shot by Cody Bass.
9:49 of 2nd period - Deflect By Hugh Jessiman.
9:49 of 2nd period - Shot Misses the Net.
9:49 of 2nd period - Puck is out of play.
9:50 of 2nd period - Corey Trivino wins face-off versus Martin Hanzal in Saguenéens zone.
10:04 of 2nd period - Wrist shot by Carl Hagelin.
10:04 of 2nd period - Stopped by Al Montoya without a rebound.
10:05 of 2nd period - Marcus Johansson wins face-off versus Marcus Kruger in Saguenéens zone.
10:12 of 2nd period - Snap shot by Tim Kennedy.
10:12 of 2nd period - Shot Misses the Net.
10:53 of 2nd period - Corey Trivino is hit by David Laliberté and loses puck.
11:00 of 2nd period - Snap shot by David Laliberté.
11:00 of 2nd period - Deflect By Eric Tangradi.
11:00 of 2nd period - Shot Misses the Net.
11:00 of 2nd period - Puck is out of play.
11:01 of 2nd period - Marcus Kruger wins face-off versus Martin Hanzal in Little Stars zone.
11:01 of 2nd period - Marcus Kruger is hit by Evgeny Dadonov.
11:06 of 2nd period - Off-side.
11:07 of 2nd period - Lubos Bartecko wins face-off versus Marcus Kruger in neutral zone.
11:10 of 2nd period - Slapshot by Derek Morris.
11:10 of 2nd period - Deflect By Lubos Bartecko.
11:10 of 2nd period - Shot Blocked by Chris Dingman.
11:10 of 2nd period - Puck is out of play.
11:11 of 2nd period - Marcus Kruger wins face-off versus Martin Hanzal in Little Stars zone.
11:39 of 2nd period - Slapshot by Derek Morris.
11:39 of 2nd period - Stopped by Erik Ersberg without a rebound.
11:40 of 2nd period - Kyle Brodziak wins face-off versus Cody Bass in Little Stars zone.
11:41 of 2nd period - Wrist shot by David Moss.
11:41 of 2nd period - Stopped by Erik Ersberg with a rebound.
12:07 of 2nd period - Mathieu Roy is hit by Tim Kennedy and loses puck.
12:36 of 2nd period - Slapshot by Ryan Vesce.
12:36 of 2nd period - Stopped by Al Montoya without a rebound.
12:37 of 2nd period - Ryan Vesce wins face-off versus Martin Hanzal in Saguenéens zone.
12:38 of 2nd period - Snap shot by Chris Dingman.
12:38 of 2nd period - Stopped by Al Montoya with a rebound.
12:40 of 2nd period - Snap shot by Marcus Kruger.
12:40 of 2nd period - Stopped by Al Montoya without a rebound.
12:41 of 2nd period - Martin Hanzal wins face-off versus Chris Dingman in Saguenéens zone.
12:43 of 2nd period - Double Minor Penalty to Brandon Burlon for Roughing.
12:44 of 2nd period - Marcus Kruger wins face-off versus Martin Hanzal in Saguenéens zone.
13:22 of 2nd period - Luke Witkowski is hit by Hugh Jessiman and loses puck.
14:06 of 2nd period - Wrist shot by David Laliberté.
14:06 of 2nd period - Stopped by Erik Ersberg with a rebound.
14:08 of 2nd period - Slapshot by Derek Morris.
14:08 of 2nd period - Stopped by Erik Ersberg without a rebound.
14:09 of 2nd period - David Laliberté wins face-off versus Marcus Kruger in Little Stars zone.
14:10 of 2nd period - Slapshot by Joffrey Lupul.
14:10 of 2nd period - Shot Blocked by Marcus Kruger.
14:28 of 2nd period - Jesse Joensuu is hit by Joffrey Lupul.
14:54 of 2nd period - Kevin Marshall is hit by Hugh Jessiman and loses puck.
15:24 of 2nd period - Snap shot by Hugh Jessiman.
15:24 of 2nd period - Shot Misses the Net.
15:26 of 2nd period - Slapshot by Clay Wilson.
15:26 of 2nd period - Shot Misses the Net.
15:32 of 2nd period - Slapshot by Clay Wilson.
15:32 of 2nd period - Shot Blocked by David Moss.
15:34 of 2nd period - Slapshot by Hugh Jessiman.
15:34 of 2nd period - Shot Misses the Net.
15:36 of 2nd period - Backhand shot by Jesse Joensuu.
15:36 of 2nd period - Shot Blocked by Martin Hanzal.
15:38 of 2nd period - Snap shot by Cody Bass.
15:38 of 2nd period - Shot Misses the Net.
15:40 of 2nd period - Snap shot by Clay Wilson.
15:40 of 2nd period - Shot Misses the Net.
15:42 of 2nd period - Snap shot by Clay Wilson.
15:42 of 2nd period - Stopped by Al Montoya without a rebound.
15:43 of 2nd period - Chris Dingman wins face-off versus Lubos Bartecko in Saguenéens zone.
15:44 of 2nd period - Wrist shot by Ryan Vesce.
15:44 of 2nd period - Shot Misses the Net.
15:50 of 2nd period - Chris Dingman is hit by Derek Morris and loses puck.
15:57 of 2nd period - Slapshot by Lubos Bartecko.
15:57 of 2nd period - Stopped by Erik Ersberg without a rebound.
15:58 of 2nd period - Martin Hanzal wins face-off versus Marcus Kruger in Little Stars zone.
15:59 of 2nd period - Wrist shot by David Moss.
15:59 of 2nd period - Deflect By Martin Hanzal.
15:59 of 2nd period - Goal by Martin Hanzal - Little Stars : 1 - Saguenéens : 2.
16:00 of 2nd period - Martin Hanzal wins face-off versus Marcus Kruger in neutral zone.
16:43 of 2nd period - Penalty to Brandon Burlon is over, Brandon Burlon is back on ice.
17:17 of 2nd period - Tim Kennedy is hit by Danny DeKeiser and loses puck.
17:40 of 2nd period - Snap shot by David Moss.
17:40 of 2nd period - Stopped by Erik Ersberg with a rebound.
17:44 of 2nd period - Snap shot by Kyle Brodziak.
17:44 of 2nd period - Stopped by Erik Ersberg with a rebound.
18:05 of 2nd period - Icing by Evgeny Dadonov.
18:06 of 2nd period - Marcus Kruger wins face-off versus Marcus Johansson in Saguenéens zone.
18:07 of 2nd period - Snap shot by Chris Dingman.
18:07 of 2nd period - Shot Blocked by Kevin Marshall.
18:09 of 2nd period - Slapshot by Cory Murphy.
18:09 of 2nd period - Shot Blocked by Rhett Rakhshani.
18:11 of 2nd period - Snap shot by Chris Dingman.
18:11 of 2nd period - Stopped by Al Montoya with a rebound.
18:13 of 2nd period - Snap shot by Marcus Kruger.
18:13 of 2nd period - Deflect By Ryan Vesce.
18:13 of 2nd period - Shot Misses the Net.
18:13 of 2nd period - Puck is out of play.
18:14 of 2nd period - Jesse Joensuu wins face-off versus Martin Hanzal in Saguenéens zone.
18:15 of 2nd period - Snap shot by Hugh Jessiman.
18:15 of 2nd period - Shot Misses the Net.
18:17 of 2nd period - Snap shot by Jesse Joensuu.
18:17 of 2nd period - Stopped by Al Montoya without a rebound.
18:18 of 2nd period - Martin Hanzal wins face-off versus Cody Bass in Saguenéens zone.
18:29 of 2nd period - Backhand shot by Evgeny Dadonov.
18:29 of 2nd period - Shot Misses the Net.
18:31 of 2nd period - Minor Penalty to Jesse Joensuu for Hooking.
18:32 of 2nd period - Martin Hanzal wins face-off versus Chris Dingman in Little Stars zone.
Goals for this period are 1 for Little Stars vs 2 for Saguenéens.
Shots for this period are 12 for Little Stars vs 15 for Saguenéens.

3rd period


0:01 of 3rd period - Chris Dingman wins face-off versus Martin Hanzal in neutral zone.
0:31 of 3rd period - Penalty to Jesse Joensuu is over, Jesse Joensuu is back on ice.
1:05 of 3rd period - Hugh Jessiman is hit by Marcus Johansson and loses puck.
1:30 of 3rd period - Cameron Schilling is hit by Evgeny Dadonov and loses puck.
1:56 of 3rd period - Icing by Corey Trivino.
1:57 of 3rd period - Corey Trivino wins face-off versus Martin Hanzal in Little Stars zone.
2:02 of 3rd period - Slapshot by Clay Wilson.
2:02 of 3rd period - Stopped by Al Montoya without a rebound.
2:03 of 3rd period - Cody Bass wins face-off versus Martin Hanzal in Saguenéens zone.
2:04 of 3rd period - Backhand shot by Jesse Joensuu.
2:04 of 3rd period - Shot Blocked by Brandon Burlon.
2:06 of 3rd period - Snap shot by Hugh Jessiman.
2:06 of 3rd period - Deflect By Cody Bass.
2:06 of 3rd period - Shot Blocked by Kris Russell.
2:06 of 3rd period - Puck is out of play.
2:07 of 3rd period - Martin Hanzal wins face-off versus Cody Bass in Saguenéens zone.
2:37 of 3rd period - Minor Penalty to Joffrey Lupul for Hooking.
2:38 of 3rd period - Martin Hanzal wins face-off versus Marcus Kruger in Saguenéens zone.
3:18 of 3rd period - Kyle Brodziak is hit by Cory Murphy and loses puck.
3:29 of 3rd period - Kevin Marshall is hit by Chris Dingman and loses puck.
4:00 of 3rd period - Cameron Schilling is hit by Eric Tangradi and loses puck.
4:01 of 3rd period - Cameron Schilling from Little Stars is injured at 4:01 of 3rd period (Broken Bone (Right Foot)).
4:02 of 3rd period - Chris Dingman wins face-off versus Martin Hanzal in Little Stars zone.
4:31 of 3rd period - Backhand shot by Hugh Jessiman.
4:31 of 3rd period - Shot Misses the Net.
4:33 of 3rd period - Snap shot by Hugh Jessiman.
4:33 of 3rd period - Little Stars goal is going for a video replay.
4:33 of 3rd period - The goal is refused. The goalkeeper has been pushed into the net together with the puck after making a save..
4:34 of 3rd period - Kyle Brodziak wins face-off versus Cody Bass in Saguenéens zone.
4:37 of 3rd period - Penalty to Joffrey Lupul is over, Joffrey Lupul is back on ice.
5:07 of 3rd period - Slapshot by Cody Bass.
5:07 of 3rd period - Stopped by Al Montoya with a rebound.
5:09 of 3rd period - Wrist shot by Jesse Joensuu.
5:09 of 3rd period - Deflect By Hugh Jessiman.
5:09 of 3rd period - Stopped by Al Montoya without a rebound.
5:10 of 3rd period - Marcus Kruger wins face-off versus Marcus Johansson in Saguenéens zone.
5:13 of 3rd period - Snap shot by Ryan Vesce.
5:13 of 3rd period - Stopped by Al Montoya without a rebound.
5:14 of 3rd period - Marcus Kruger wins face-off versus Tim Kennedy in Saguenéens zone.
5:25 of 3rd period - Slapshot by Derek Morris.
5:25 of 3rd period - Stopped by Erik Ersberg with a rebound.
5:43 of 3rd period - Wrist shot by Lubos Bartecko.
5:43 of 3rd period - Deflect By Cody Bass.
5:43 of 3rd period - Goal by Lubos Bartecko - Little Stars : 1 - Saguenéens : 3.
5:44 of 3rd period - Chris Dingman wins face-off versus Martin Hanzal in neutral zone.
6:09 of 3rd period - Cody Bass is hit by Derek Morris and loses puck.
7:13 of 3rd period - Martin Hanzal is hit by Hugh Jessiman and loses puck.
7:55 of 3rd period - Danny DeKeiser is hit by Evgeny Dadonov and loses puck.
7:56 of 3rd period - Danny DeKeiser from Little Stars is injured at 7:56 of 3rd period (Right Ankle).
7:57 of 3rd period - Martin Hanzal wins face-off versus Marcus Kruger in Little Stars zone.
8:33 of 3rd period - Snap shot by Kyle Brodziak.
8:33 of 3rd period - Stopped by Erik Ersberg without a rebound.
8:34 of 3rd period - Marcus Kruger wins face-off versus Marcus Johansson in Little Stars zone.
8:49 of 3rd period - Snap shot by Marcus Johansson.
8:49 of 3rd period - Deflect By Chris Dingman.
8:49 of 3rd period - Shot Misses the Net.
8:49 of 3rd period - Puck is out of play.
8:50 of 3rd period - Martin Hanzal wins face-off versus Cody Bass in Little Stars zone.
9:19 of 3rd period - Snap shot by Tim Kennedy.
9:19 of 3rd period - Shot Blocked by Mathieu Roy.
9:23 of 3rd period - Snap shot by Tim Kennedy.
9:23 of 3rd period - Stopped by Erik Ersberg with a rebound.
9:25 of 3rd period - Wrist shot by Rhett Rakhshani.
9:25 of 3rd period - Deflect By Tim Kennedy.
9:25 of 3rd period - Stopped by Erik Ersberg with a rebound.
9:27 of 3rd period - Wrist shot by Tim Kennedy.
9:27 of 3rd period - Shot Misses the Net.
9:37 of 3rd period - Cory Murphy is hit by Brandon Burlon and loses puck.
9:42 of 3rd period - Snap shot by Brian Flynn.
9:42 of 3rd period - Deflect By Eric Tangradi.
9:42 of 3rd period - Stopped by Erik Ersberg with a rebound.
9:44 of 3rd period - Wrist shot by David Rundblad.
9:44 of 3rd period - Shot Misses the Net.
9:46 of 3rd period - Backhand shot by Brian Flynn.
9:46 of 3rd period - Shot Misses the Net.
9:48 of 3rd period - Snap shot by David Laliberté.
9:48 of 3rd period - Stopped by Erik Ersberg without a rebound.
9:49 of 3rd period - Lubos Bartecko wins face-off versus Marcus Kruger in Little Stars zone.
10:04 of 3rd period - Wrist shot by Ryan Vesce.
10:04 of 3rd period - Shot Misses the Net.
10:16 of 3rd period - Derek Morris is hit by Carl Hagelin and loses puck.
10:26 of 3rd period - Off-side.
10:27 of 3rd period - Martin Hanzal wins face-off versus Corey Trivino in neutral zone.
10:42 of 3rd period - Kris Russell is hit by Matt Halischuk and loses puck.
11:05 of 3rd period - Slapshot by Clay Wilson.
11:05 of 3rd period - Shot Blocked by Luke Witkowski.
11:07 of 3rd period - Snap shot by Marcus Kruger.
11:07 of 3rd period - Shot Misses the Net.
11:27 of 3rd period - Slapshot by David Moss.
11:27 of 3rd period - Shot Misses the Net.
12:04 of 3rd period - Icing by David Moss.
12:05 of 3rd period - Joffrey Lupul wins face-off versus Corey Trivino in Saguenéens zone.
12:05 of 3rd period - Joffrey Lupul is hit by Matt Halischuk.
12:11 of 3rd period - Martin Hanzal is hit by Corey Trivino and loses puck.
12:19 of 3rd period - Minor Penalty to Martin Hanzal for Tripping.
12:20 of 3rd period - David Laliberté wins face-off versus Marcus Kruger in Saguenéens zone.
14:19 of 3rd period - Penalty to Martin Hanzal is over, Martin Hanzal is back on ice.
14:41 of 3rd period - Slapshot by Derek Morris.
14:41 of 3rd period - Shot Misses the Net.
15:05 of 3rd period - Lubos Bartecko is hit by Clay Wilson and loses puck.
15:26 of 3rd period - Icing by Jared Spurgeon.
15:27 of 3rd period - Jesse Joensuu wins face-off versus Kyle Brodziak in Little Stars zone.
15:37 of 3rd period - Snap shot by Kyle Brodziak.
15:37 of 3rd period - Shot Misses the Net.
15:39 of 3rd period - Slapshot by Kyle Brodziak.
15:39 of 3rd period - Stopped by Erik Ersberg without a rebound.
15:40 of 3rd period - Marcus Johansson wins face-off versus Marcus Kruger in Little Stars zone.
15:41 of 3rd period - Snap shot by Tim Kennedy.
15:41 of 3rd period - Shot Misses the Net.
16:13 of 3rd period - Wrist shot by Cody Bass.
16:13 of 3rd period - Stopped by Al Montoya with a rebound.
16:15 of 3rd period - Snap shot by Clay Wilson.
16:15 of 3rd period - Shot Misses the Net.
16:17 of 3rd period - Slapshot by Clay Wilson.
16:17 of 3rd period - Stopped by Al Montoya with a rebound.
16:19 of 3rd period - Slapshot by Hugh Jessiman.
16:19 of 3rd period - Stopped by Al Montoya without a rebound.
16:20 of 3rd period - Martin Hanzal wins face-off versus Cody Bass in Saguenéens zone.
16:57 of 3rd period - Minor Penalty to Kyle Brodziak for Interference.
16:58 of 3rd period - Martin Hanzal wins face-off versus Marcus Kruger in Saguenéens zone.
17:10 of 3rd period - Snap shot by Ryan Vesce.
17:10 of 3rd period - Stopped by Al Montoya without a rebound.
17:11 of 3rd period - Martin Hanzal wins face-off versus Marcus Kruger in Saguenéens zone.
17:11 of 3rd period - Martin Hanzal is hit by Ryan Vesce.
17:17 of 3rd period - Wrist shot by Martin Hanzal.
17:17 of 3rd period - Shot Blocked by Mathieu Roy.
17:19 of 3rd period - Wrist shot by Martin Hanzal.
17:19 of 3rd period - Shot Misses the Net.
17:21 of 3rd period - Slapshot by Derek Morris.
17:21 of 3rd period - Shot Blocked by Ryan Vesce.
18:57 of 3rd period - Penalty to Kyle Brodziak is over, Kyle Brodziak is back on ice.
19:04 of 3rd period - Kyle Brodziak is hit by Corey Trivino and loses puck.
19:11 of 3rd period - Wrist shot by Matt Halischuk.
19:11 of 3rd period - Shot Misses the Net.
Goals for this period are 0 for Little Stars vs 1 for Saguenéens.
Shots for this period are 9 for Little Stars vs 8 for Saguenéens.


Output by the SimonT Hockey Simulator (STHS) for François Prévost -- Original Page W3C XHTML 1.0 Valid
Hockey Simulator - Hockey Simulation - Hockey Manager